 Dungeon Crawl Stone Soup version 0.16-a0-119-gc74d62a (webtiles) character file.

32455 PolkaDot the Unseen (level 13, 0/79 HPs)
             Began as a Vampire Enchanter on Aug 12, 2014.
             Was an Initiate of Gozag.
             Slain by a fire dragon (13 damage)
             ... on Level 12 of the Dungeon.
             The game lasted 01:18:41 (20190 turns).

PolkaDot the Unseen (Vampire Enchanter)            Turns: 20190, Time: 01:18:43

HP   0/79        AC  3     Str  5      XL: 13   Next: 31%
MP  12/29        EV 12     Int 23      God: Gozag
Gold 1923        SH  0     Dex 14      Spells:  7 memorised,  4 levels left

rFire  . . .     SeeInvis +     k - +3 dagger
rCold  + + +     Clarity  +     K - +0 robe {MR+}
rNeg   + + +     rCorr    .     (no shield)
rPois  +         rRot     +     (helmet restricted)
rElec  .         Spirit   .     (no cloak)
SustAb .         Warding  .     j - -1 pair of gloves
rMut   .         Stasis   .     c - +0 pair of boots
Gourm  .                        s - amulet of clarity
MR     ++...                    y - ring of wizardry
                                E - ring of protection from cold

@: very slightly contaminated, bloodless, non-regenerating, invisible, very
resistant to hostile enchantments, incredibly stealthy
A: bottle blood, antennae 1, fangs 3, see invisible, blink 1, clever 1, weak 1,
unbreathing
a: Bat Form, Bottle Blood, Blink, Potion Petition, Call Merchant, Bribe Branch,
Renounce Religion


You were on level 12 of the Dungeon.
You worshipped Gozag.
Gozag was noncommittal.
You were bloodless.

You visited 3 branches of the dungeon, and saw 17 of its levels.
You also visited: Ossuary.

You collected 2991 gold pieces.
You spent 164 gold pieces at shops.
You paid 904 gold pieces to Gozag.

Inventory:

Hand weapons
 h - the +8 halberd of Calamity {holy, MR++ SInv}
   (You found it on level 10 of the Dungeon)

   It has been blessed by the Shining One to cause great damage to the undead
   and demons.
   It affects your resistance to hostile enchantments.
   It enhances your eyesight.
 k - a +3 dagger (weapon)
Missiles
 d - 2 throwing nets (quivered)
Armour
 b - the +6 large shield of Baitukko {rElec, unknown}
   (You found it on level 11 of the Dungeon)

   It insulates you from electricity.
 c - a +0 pair of boots (worn)
 j - a -1 pair of gloves (worn)
 u - a +0 buckler
 K - a +0 robe of magic resistance (worn)
Magical devices
 x - a wand of heal wounds (2)
 C - a wand of disintegration (3)
 J - a wand of fire (4)
 O - a wand of disintegration (7)
Scrolls
 a - 2 scrolls of recharging
 e - 3 scrolls of magic mapping
 f - 5 scrolls of teleportation
 g - 4 scrolls of remove curse
 i - 2 scrolls of amnesia
 l - 3 scrolls of enchant armour
 m - 4 scrolls of fog
 p - 3 scrolls of blinking
 v - 2 scrolls of immolation
 w - 2 scrolls of torment
 z - a scroll of random uselessness {unknown}
 I - a scroll of holy word {unknown}
 M - a scroll of vulnerability {unknown}
Jewellery
 s - an amulet of clarity (around neck)
 y - a ring of wizardry (right hand)
 E - a ring of protection from cold (left hand)
 F - an uncursed amulet of resist mutation
Potions
 n - 4 potions of cure mutation {!q}
 o - a potion of degeneration {unknown}
 q - 4 potions of agility
 r - a potion of flight
 t - 2 potions of restore abilities
 A - a potion of haste
 D - a potion of curing
 G - 3 potions of resistance
 L - a potion of brilliance
Books
 H - a book of Beasts

   Spells                             Type                      Level
   Summon Butterflies                 Summoning                    1
   Call Canine Familiar               Summoning                    3
   Summon Ice Beast                   Ice/Summoning                4
   Summon Mana Viper                  Hexes/Summoning              5
   Monstrous Menagerie                Summoning                    6
   Summon Hydra                       Summoning                    7


   Skills:
 * Level 12.8 Short Blades
 - Level 2.2 Dodging
 + Level 17.6 Stealth
 - Level 5.2 Shields
 - Level 8.0 Spellcasting
 + Level 16.2 Hexes
 - Level 2.0 Ice Magic


You had 4 spell levels left.
You knew the following spells:

 Your Spells              Type           Power        Failure   Level  Hunger
a - Corona                Hex            ######.      0%          1    None
b - Sure Blade            Hex/Chrm       #####.....   1%          2    None
c - Confuse               Hex            ######..     1%          3    None
d - Ensorcelled Hibernat  Hex/Ice        ######       1%          2    None
e - Enslavement           Hex            ######..     1%          4    ###....
h - Haste                 Chrm           #.......     100%        6    ######.
i - Invisibility          Hex            ######..     1%          6    ######.


Dungeon Overview and Level Annotations

Branches:
Dungeon (12/15)            Temple (1/1) D:4             Orc (0/4) D:9
   Lair (4/8) D:8           Swamp (0/5) Lair:3
  Snake: Lair:3-6    Spider: Lair:3-6

Altars:
Ashenzari
Cheibriados
Dithmenos
Elyvilon
Fedhas
Gozag
Kikubaaqudgha
Makhleb
Nemelex Xobeh
Okawaru
Qazlal
Sif Muna
Trog
Vehumet
Xom
Yredelemnul
Zin
The Shining One
Beogh

Shops:
D:4 ?   D:12 [   D:13 (

Annotations:
D:8 exclusion: oklob sapling


Innate Abilities, Weirdness & Mutations

You do not heal naturally.
You can bottle blood from corpses.
You have razor-sharp teeth.
You have supernaturally acute eyesight.
You can survive without breathing.
You have a pair of small antennae on your head.
You can translocate small distances at will.
Your mind is acute. (Int +2)
You are weak. (Str -2)


Message History

* * * LOW HITPOINT WARNING * * *
The fire dragon barely misses you.
Evoke which item? (* to show all) (? for menu, Esc to quit)
Zapping:
x - a wand of heal wounds (3)
Press: ? - help, Shift-Dir - straight line, f - you You feel much better.
This wand has 2 charges left.
The fire dragon misses you. The fire dragon barely misses you.
The fire dragon tramples you.
* * * LOW HITPOINT WARNING * * *
You stumble backwards!
You hit the fire dragon but do no damage.
The fire dragon is severely wounded.
You hit the fire dragon but do no damage.
The fire dragon is severely wounded.
The fire dragon bites you!
* * * LOW HITPOINT WARNING * * *
The fire dragon claws you.
* * * LOW HITPOINT WARNING * * *
The fire dragon tramples you!
You die...
Your body crumbles into a pile of gold.

8....[........)..
.#...#........#...#
...................
..................
........$.......S##
.#.###.###.###....#
.............#..>#
#.##.###.###.#..###
...........#.H.D@.#
!#.###.###.#.#..#....#
....h....#...#..####..#
#.##.###.#.#.#..# ...
.......#...#...$# #.. .
.#.###.#.#.#.#Z.##.......
.....#...#...#..##........
####.#.#.#.#.#.............#
#...#...#$...............


You could see a fire dragon, a sphinx (confused) and a komodo dragon skeleton
(wandering).

Vanquished Creatures
  Snorg (Lair:3)
  3 hydras
  Fannar (Lair:3)
  A centaur warrior (D:12)
  The ghost of anything the Thrower, an experienced DsAr of Gozag (D:9)
  A catoblepas (Lair:3)
  2 hill giants (D:12)
  4 unseen horrors (D:12)
  An ugly thing (D:11)
  A red wasp (D:12)
  An oklob plant (D:10)
  A manticore (D:12)
  2 black mambas
  3 torpor snails (Lair:4)
  3 spiny frogs
  An efreet (D:10)
  A fire drake (Lair:1)
  3 komodo dragons
  4 trolls
  Grinder (D:6)
  2 hydra zombies
  Sonja (D:10)
  4 wandering mushrooms (D:8)
  A two-headed ogre (D:11)
  13 blink frogs
  A deep elf mage (D:9)
  A boulder beetle (Lair:4)
  A basilisk (Lair:3)
  25 yaks
  A trapdoor spider (D:10)
  2 wraiths
  A deep elf fighter (D:8)
  Grum (D:10)
  4 hippogriffs
  A vampire mosquito (D:12)
  6 wolves
  7 water moccasins
  A mottled dragon (D:12)
  Edmund (D:6)
  An ogre (D:4)
  4 ice beasts
  6 porcupines
  A manticore skeleton (D:10)
  2 orc warriors
  3 phantoms
  4 sky beasts
  3 centaurs
  7 crocodiles
  3 big kobolds
  A brain worm (D:12)
  9 giant frogs
  A hippogriff zombie (D:11)
  7 scorpions
  An eye of draining (D:9)
  An oklob sapling (D:8)
  7 wights (D:10)
  18 killer bees
  An electric eel (Lair:3)
  A goliath beetle (D:8)
  A tengu skeleton (D:11)
  A yak skeleton (D:9)
  4 crimson imps
  11 jellies
  7 hounds
  2 centaur zombies
  A giant frog skeleton (D:10)
  A black bear zombie (D:8)
  6 orc priests
  5 orc wizards
  7 worker ants
  A quasit (D:8)
  3 iguanas
  Ijyb (D:6)
  8 mummies (Ossuary)
  4 gnolls
  4 green rats (D:8)
  17 adders
  An inept item mimic (D:4)
  4 shadow imps
  5 worms
  A gnoll skeleton (D:5)
  5 giant geckos
  13 oozes (D:10)
  34 orcs
  22 bats
  A bat skeleton (D:6)
  8 giant cockroaches
  2 gnoll zombies (Ossuary)
  10 goblins
  9 hobgoblins
  11 jackals
  4 quokkas
  5 ball pythons
  A giant gecko skeleton (D:6)
  5 giant newts
  3 hobgoblin zombies (Ossuary)
  27 kobolds
  2 kobold zombies (Ossuary)
  An orc skeleton (D:4)
  2 orc zombies
  2 quokka zombies (D:4)
  23 rats
  3 fungi (D:10)
479 creatures vanquished.

Vanquished Creatures (collateral kills)
  An efreet (D:12)
1 creature vanquished.

Vanquished Creatures (others)
  2 orcs (D:6)
  A rat (D:6)
3 creatures vanquished.

Grand Total: 483 creatures vanquished

Notes
Turn   | Place    | Note
--------------------------------------------------------------
     0 | D:1      | PolkaDot, the Vampire Enchanter, began the quest for the Orb.
     0 | D:1      | Reached XP level 1. HP: 13/13 MP: 3/3
   186 | D:1      | Reached XP level 2. HP: 16/19 MP: 4/4
   190 | D:1      | Learned a level 2 spell: Ensorcelled Hibernation
   637 | D:1      | Reached skill level 1 in Ice Magic
  1076 | D:2      | Reached XP level 3. HP: 13/24 MP: 0/6
  1310 | D:2      | Reached skill level 5 in Stealth
  1885 | D:2      | Reached skill level 5 in Hexes
  2067 | D:2      | Reached XP level 4. HP: 30/30 MP: 2/7
  2543 | D:2      | Learned a level 3 spell: Confuse
  2940 | D:2      | Reached skill level 6 in Stealth
  3402 | D:3      | Reached XP level 5. HP: 28/35 MP: 9/9
  4595 | D:4      | Found a sand-covered staircase.
  4612 | Ossuary  | Entered an ossuary
  4651 | Ossuary  | Reached XP level 6. HP: 26/41 MP: 1/10
  4930 | Ossuary  | Reached skill level 7 in Hexes
  5048 | Ossuary  | Learned a level 2 spell: Sure Blade
  5868 | Ossuary  | Gained mutation: You can translocate small distances at will. [potion of beneficial mutation]
  5875 | Ossuary  | Gained mutation: Your mind is acute. (Int +2) [potion of beneficial mutation]
  6152 | Ossuary  | Gained mutation: You have a pair of small antennae on your head. [potion of mutation]
  6152 | Ossuary  | Gained mutation: You are weak. (Str -2) [potion of mutation]
  6287 | D:4      | Found a staircase to the Ecumenical Temple.
  6293 | Temple   | Entered the Ecumenical Temple
  6374 | D:4      | Reached skill level 8 in Hexes
  6781 | D:4      | Reached XP level 7. HP: 46/46 MP: 6/12
  6850 | D:4      | Found a basalt altar of Yredelemnul.
  6975 | D:4      | Noticed an ogre
  6990 | D:4      | Killed an ogre
  6990 | D:4      | Reached skill level 9 in Hexes
  7313 | D:4      | Found Eqaum's Magic Scroll Emporium.
  7320 | D:4      | Bought a scroll of immolation for 38 gold pieces
  7320 | D:4      | Bought a scroll of identify for 22 gold pieces
  7320 | D:4      | Bought a scroll of torment for 82 gold pieces
  7320 | D:4      | Bought a scroll of identify for 22 gold pieces
  7573 | D:5      | Entered Level 5 of the Dungeon
  7905 | D:5      | Found an opulent altar of Gozag.
  7973 | D:5      | Became a worshipper of Gozag Ym Sagoz the Greedy
  8166 | D:5      | Reached skill level 10 in Hexes
  8975 | D:6      | Noticed Grinder
  8981 | D:6      | Found a shimmering altar of Xom.
  8992 | D:6      | Killed Grinder
  8992 | D:6      | Reached XP level 8. HP: 28/52 MP: 10/13
  9237 | D:6      | Noticed Edmund
  9245 | D:6      | Killed Edmund
  9245 | D:6      | Reached skill level 11 in Hexes
  9426 | D:6      | Noticed Ijyb
  9432 | D:6      | Killed Ijyb
  9493 | D:6      | Noticed a troll
  9500 | D:6      | Killed a troll
  9500 | D:6      | Reached skill level 10 in Stealth
  9535 | D:6      | Reached skill level 5 in Short Blades
  9689 | D:7      | Reached skill level 1 in Shields
  9689 | D:7      | Reached skill level 12 in Hexes
  9864 | D:7      | Found a deep blue altar of Sif Muna.
  9968 | D:7      | Reached XP level 9. HP: 57/57 MP: 15/15
 10311 | D:8      | Found a shattered altar of Ashenzari.
 10366 | D:8      | Found a sparkling altar of Nemelex Xobeh.
 10609 | D:8      | Found a staircase to the Lair.
 10936 | D:8      | Reached skill level 5 in Shields
 10936 | D:8      | Reached skill level 13 in Hexes
 10939 | D:8      | Found a blossoming altar of Fedhas.
 11161 | D:8      | Reached XP level 10. HP: 63/63 MP: 16/16
 11767 | D:9      | Found a radiant altar of Vehumet.
 12048 | D:9      | Learned a level 6 spell: Invisibility
 12318 | D:9      | Found a staircase to the Orcish Mines.
 12579 | D:9      | Noticed anything's ghost (experienced DsAr)
 12598 | D:9      | Killed anything's ghost
 12712 | D:9      | Reached skill level 5 in Spellcasting
 12796 | D:9      | Found a bloodstained altar of Trog.
 12992 | D:9      | Learned a level 4 spell: Enslavement
 13021 | D:10     | Entered Level 10 of the Dungeon
 13096 | Lair:1   | Entered Level 1 of the Lair of Beasts
 13182 | Lair:1   | Noticed a seven-headed hydra
 13186 | Lair:1   | Killed a seven-headed hydra
 13215 | Lair:1   | Reached XP level 11. HP: 68/68 MP: 19/25
 13273 | Lair:1   | Noticed a black mamba
 13280 | Lair:1   | Killed a black mamba
 13502 | Lair:1   | Reached skill level 14 in Stealth
 14462 | Lair:2   | Learned a level 6 spell: Haste
 14847 | Lair:3   | Noticed Fannar
 14855 | Lair:3   | Killed Fannar
 14855 | Lair:3   | Reached skill level 15 in Stealth
 14895 | Lair:3   | Noticed Snorg
 14901 | Lair:3   | Killed Snorg
 14905 | Lair:3   | Noticed a seven-headed hydra
 15018 | Lair:3   | Killed a seven-headed hydra
 15018 | Lair:3   | Reached XP level 12. HP: 74/74 MP: 22/28
 15028 | Lair:3   | Got a smoking quarterstaff
 15035 | Lair:3   | Identified the cursed -2 quarterstaff "Raq Loot" {freeze, Dex-2} (You found it on level 3 of the Lair of Beasts)
 15111 | Lair:3   | Found a staircase to the Swamp.
 15396 | Lair:3   | Noticed a catoblepas
 15401 | Lair:3   | Killed a catoblepas
 15428 | Lair:3   | Reached skill level 16 in Stealth
 15952 | Lair:4   | Reached skill level 10 in Short Blades
 16099 | Lair:4   | Reached skill level 15 in Hexes
 16316 | Lair:4   | Found a snail-covered altar of Cheibriados.
 16333 | Lair:4   | HP: 2/74 [torpor snail (21)]
 17337 | D:10     | Found an iron altar of Okawaru.
 17425 | D:10     | Noticed Sonja
 17536 | D:10     | Killed Sonja
 17583 | D:10     | Noticed Grum
 17602 | D:10     | Killed Grum
 17896 | D:10     | Got a shimmering halberd
 17897 | D:10     | Identified the +8 halberd of Calamity {holy, MR++ SInv} (You found it on level 10 of the Dungeon)
 18245 | D:10     | Noticed an oklob plant
 18254 | D:10     | Killed an oklob plant
 18727 | D:11     | Reached skill level 17 in Stealth
 18922 | D:11     | Got a pitted large shield
 19289 | D:11     | Found a roughly hewn altar of Beogh.
 19296 | D:11     | Reached XP level 13. HP: 73/79 MP: 26/29
 19437 | D:12     | Found Shrel's Armour Boutique.
 19512 | D:12     | Noticed a sphinx
 20190 | D:12     | Slain by a fire dragon

Action                   |  1- 3 |  4- 6 |  7- 9 | 10-12 | 13-15 || total
-------------------------+-------+-------+-------+-------+-------++-------
Melee: Dagger            |   101 |   163 |   200 |   360 |    49 ||   873
 Cast: Corona            |    10 |    13 |     1 |     1 |       ||    25
       Ensorcelled Hiber |    14 |    46 |    64 |   107 |    15 ||   246
       Confuse           |       |    22 |    11 |    15 |     7 ||    55
       Sure Blade        |       |     5 |       |     1 |     1 ||     7
       Invisibility      |       |       |       |    17 |     4 ||    21
       Enslavement       |       |       |       |     1 |     9 ||    10
Invok: Call Merchant     |       |       |       |     1 |       ||     1
Evoke: Wand              |       |       |     7 |     5 |     2 ||    14
  Use: Potion            |     1 |     8 |       |     6 |       ||    15
       Scroll            |       |    10 |    10 |    12 |     1 ||    33
 Stab: Sleeping          |    21 |    50 |    82 |   156 |    29 ||   338
       Confused          |       |    11 |    11 |    14 |     1 ||    37
       Invisible         |       |       |       |    24 |     1 ||    25
       Distracted        |       |       |       |     1 |       ||     1
       Betrayed ally     |       |       |       |       |     4 ||     4
